General information
- name: 1v1 Joho
- type: Custom game
- host: Young]Douche
- saver: Mata.
map: EchoIsles
- players: 9
- length: 12:05
- speed: Fast
- version: 1.23 W3XP
- replay type:

» download(56 KB)
Players
team 1 (loser)
TIMG4STRok (
gray | 134 APM | 1618 actions | 12:03)
3 Warden
2 Shadow Strike
1 Blink
2 Pandaren Brewmaster
1 Breath of Fire
1 Drunken Brawler
» actions
| Assign group hotkey | 18 | |
| Basic commands | 62 | |
| Build / train | 48 | |
| Enter build submenu | 17 | |
| Enter hero's abilities submenu | 5 | |
| Right click | 777 | |
| Select / deselect | 201 | |
| Select group hotkey | 453 | |
| Use ability | 37 | |
1618 total
» units
» upgrades
| Ultravision | 1 | |
| Abolish Magic | 1 | |
2 total
» buildings
| Altar of Elders | 1 | |
| Moon Well | 10 | |
| Ancient of War | 1 | |
| Tree of Ages | 1 | |
| Hunter's Hall | 1 | |
| Ancient of Lore | 2 | |
| Ancient Protector | 1 | |
| Ancient of Wonders | 1 | |
18 total
» build order
00:05 Altar of Elders
00:17 Moon Well
00:31 Ancient of War
01:32 Moon Well
01:36 Moon Well
01:39 Moon Well
03:13 Tree of Ages
04:01 Hunter's Hall
04:02 Moon Well
04:56 Moon Well
05:03 Moon Well
05:49 Ancient of Lore
06:01 Ancient of Lore
07:30 Ancient Protector
07:43 Moon Well
08:01 Moon Well
08:37 Moon Well
09:06 Ancient of Wonders
» items
| Staff of Preservation | 1 | |
| Scroll of Town Portal | 1 | |
| Potion of Healing | 1 | |
3 total
team 2 (winner)
Joho.nom (
pink | 144 APM | 1733 actions | 12:04)
3 Death Knight
2 Death Coil
1 Unholy Aura
2 Lich
1 Frost Nova
1 Dark Ritual
2 Dark Ranger
1 Silence
1 Black Arrow
» actions
| Assign group hotkey | 83 | |
| Basic commands | 29 | |
| Build / train | 69 | |
| ESC pressed | 2 | |
| Enter build submenu | 12 | |
| Enter hero's abilities submenu | 7 | |
| Give item / drop item | 4 | |
| Right click | 877 | |
| Select / deselect | 281 | |
| Select group hotkey | 311 | |
| Use ability | 58 | |
1733 total
» units
| Acolyte | 6 | |
| Ghoul | 24 | |
| Crypt Fiend | 3 | |
| Obsidian Statue | 1 | |
| Abomination | 1 | |
35 total
» upgrades
| Ghoul Frenzy | 1 | |
| Destroyer Form | 1 | |
2 total
» buildings
| Crypt | 1 | |
| Altar of Darkness | 1 | |
| Ziggurat | 5 | |
| Tomb of Relics | 1 | |
| Nerubian Tower | 1 | |
| Halls of the Dead | 2 | |
| Graveyard | 1 | |
| Black Citadel | 1 | |
| Slaughterhouse | 1 | |
| Sacrificial Pit | 1 | |
15 total
» build order
00:03 Crypt
00:07 Altar of Darkness
00:22 Ziggurat
01:05 Tomb of Relics
01:24 Ziggurat
02:40 Nerubian Tower
03:17 Halls of the Dead
03:17 Halls of the Dead
03:54 Graveyard
04:29 Ziggurat
05:38 Black Citadel
07:08 Slaughterhouse
07:35 Ziggurat
11:07 Sacrificial Pit
11:11 Ziggurat
» items
| Rod of Necromancy | 5 | |
| Dust of Appearance | 2 | |
| Scroll of Town Portal | 1 | |
| Orb of Corruption | 3 | |
| Scroll of Healing | 2 | |
13 total
observersYoung]Douche,
Churner,
LarutanWuWu,
O_o[baked],
Ktg,
TheNumber1-B,
Mata. Chat log
(00:07 / Observers) Ktg: me
(00:08 / Observers) Ktg: m
(00:11 / Observers) O_o[baked]: I AM QUAKE
(00:13 / Observers) O_o[baked]: what
(00:22 / Observers) Churner: ktg sup bro
(00:25 / Observers) Ktg: SUP
(00:28 / Observers) Churner: stop
(00:32 / Observers) O_o[baked]: yo i dont notice
(00:34 / Observers) O_o[baked]: can you
(00:35 / Observers) Churner: this is being uploaded to wcreplays.com so stfu
(00:37 / Observers) O_o[baked]: thanks
(00:37 / Observers) O_o[baked]: few more!
(00:40 / Observers) Churner: wow noob obs
(00:40 / Observers) O_o[baked]: so
(00:42 / Observers) O_o[baked]: i dont talk ?
(00:49 / Observers) O_o[baked]: wow
(00:51 / Observers) Young]Douche: spam spam spam
(00:53 / Observers) Young]Douche: etc etc etc
(00:55 / Observers) O_o[baked]: pretty much
(00:55 / Observers) Churner: obs should not be allowed to ping
(00:57 / Observers) Young]Douche: wtf is strok doin
(00:59 / Observers) O_o[baked]: i need to keep my ap up
(00:59 / Observers) Young]Douche: not aow creepin
(01:00 / All) Joho.nom: are you any good
(01:02 / Observers) O_o[baked]: AMP UP
(01:03 / Observers) O_o[baked]: APM
(01:12 / Observers) O_o[baked]: even when im obs
(01:14 / Observers) O_o[baked]: jesus
(01:15 / Observers) Young]Douche: lol
(01:16 / Observers) Young]Douche: :P
(01:18 / All) TIMG4STRok: ill give you a sweet game i think
(01:25 / Observers) Churner: doubtful.
(01:27 / All) Joho.nom: thats cool
(01:28 / All) Joho.nom: well ttyl
(01:32 / Observers) O_o[baked]: PJ PARTY
(01:36 / All) TIMG4STRok: LAG
(01:38 / Observers) Ktg: omfg
(01:40 / Observers) Churner: that'd be young douche
(01:44 / Observers) O_o[baked]: its actually not me
(01:49 / Observers) O_o[baked]: you stealin internet too ?
(01:57 / All) Joho.nom: how am i not ggl
(01:58 / Observers) Young]Douche: i laged?
(02:00 / Observers) Young]Douche: i lagged*
(02:01 / Observers) O_o[baked]: yeah
(02:03 / Observers) O_o[baked]: like
(02:04 / All) Joho.nom: no
(02:06 / All) Joho.nom: i left
(02:08 / Observers) Churner: ghouls DK vs. archers Warden
(02:13 / Observers) O_o[baked]: oh gee
(02:14 / Observers) Young]Douche: GGL is trash
(02:17 / Observers) Young]Douche: why does anyone care if hes in ggl
(02:18 / Observers) Young]Douche: lol
(02:18 / Observers) Churner: yo stfu man
(02:23 / Observers) O_o[baked]: its true
(02:26 / Observers) Churner: i dont either
(02:27 / All) Joho.nom: i legt
(02:28 / Observers) Young]Douche: this hasnt been real GGL since fuckin Newbiee and Legato ran shit
(02:29 / All) Joho.nom: for ahwile
(02:34 / Observers) O_o[baked]: same goes with za
(02:34 / Observers) O_o[baked]: fuck sakes
(02:36 / Observers) O_o[baked]: i got beef
(02:38 / Observers) Young]Douche: exactly
(02:41 / Observers) Young]Douche: buncha fake shit
(02:45 / Observers) O_o[baked]: o i know
(02:49 / Observers) O_o[baked]: remember cheezy craft
(02:50 / Observers) O_o[baked]: :D
(02:56 / Observers) Young]Douche: cheese-craft
(02:59 / Observers) O_o[baked]: me and him beefed
(03:01 / Observers) Ktg: I REMEMBER him
(03:01 / Observers) O_o[baked]: same thing
(03:03 / Observers) O_o[baked]: i cay cheezy
(03:07 / Observers) O_o[baked]: he say squeeze me
(03:10 / Observers) O_o[baked]: but anyhow
(03:12 / Observers) O_o[baked]: we beef za
(03:13 / Observers) Young]Douche: o-O
(03:22 / Observers) O_o[baked]: but thats another story
(03:35 / All) TIMG4STRok: yo can we pause asec
(03:37 / All) Joho.nom: k
(03:37 / All) TIMG4STRok: my shift button broken
(03:39 / All) Joho.nom: k
(03:46 / Observers) Young]Douche: "shouldnt have gone newb host"
(03:48 / Observers) O_o[baked]: douche what were you in
(03:49 / Observers) O_o[baked]: in
(03:51 / Observers) O_o[baked]: 04
(03:53 / Observers) O_o[baked]: 05
(04:02 / Observers) Young]Douche: yeah my computer is junk but i'll destroy u :D
(04:09 / Observers) Young]Douche: i was in WizZ for a while
(04:15 / Observers) Young]Douche: then i quit and took like 4 years berak.
(04:16 / Observers) O_o[baked]: that is old
(04:16 / Observers) Young]Douche: break*
(04:20 / Observers) O_o[baked]: w0w
(04:28 / Observers) O_o[baked]: thats pretty sweet
(04:31 / Observers) Young]Douche: ya
(04:35 / Observers) O_o[baked]: SLoW for life
(04:36 / Observers) O_o[baked]: though
(04:37 / Observers) O_o[baked]: <3
(04:42 / Observers) O_o[baked]: = im nerd
(04:43 / Observers) O_o[baked]: jesus
(04:47 / Observers) O_o[baked]: no fan ?
(04:48 / Observers) LarutanWuWu: haha
(04:51 / Observers) O_o[baked]: thats poop diddler
(05:06 / Observers) Churner: i shoulda hosted man
(05:10 / Observers) O_o[baked]: no
(05:11 / Observers) Churner: i have good east coast ping
(05:28 / Observers) O_o[baked]: you churn butter to keep the generator running
(05:32 / Observers) O_o[baked]: for ur lappy
(05:33 / Observers) Ktg: duh
(05:34 / Observers) O_o[baked]: so no
(05:36 / Observers) Churner: look up churner
(05:42 / Observers) O_o[baked]: look up
(05:43 / Observers) Churner: or rather churn
(05:51 / Observers) O_o[baked]: your moms skirt actually
(05:53 / Observers) O_o[baked]: pl
(05:56 / Observers) Churner: TO CHURN: TO BEAT RAPIDLY
(06:04 / Observers) Ktg: aka masterbate
(06:08 / Observers) Churner: that too
(06:11 / Observers) O_o[baked]: are you suggesting you're beating rapidly
(06:13 / Observers) O_o[baked]: to this game ?
(06:14 / Observers) Young]Douche: Churn like Churn butter?
(06:18 / Observers) Churner: dude everygame i am
(06:20 / Observers) Ktg: lmao
(06:21 / Observers) Churner: beating it rapdily
(06:23 / Observers) Young]Douche: churn butter*
(06:27 / Observers) Churner: yes
(06:30 / Observers) Churner: i turn my cream into butter
(06:35 / Observers) Young]Douche: x.x
(06:36 / Observers) Young]Douche: weird
(06:38 / Observers) Ktg: thats why it says
(06:39 / Observers) O_o[baked]: thats irregular
(06:45 / Observers) Ktg: "Cant believe its not butter"
(06:49 / Observers) Young]Douche: i hope Joho gets raped in the FACE
(06:53 / Observers) O_o[baked]: amish on the computer
(06:57 / Observers) Young]Douche: ill punch him in his eye
(06:57 / Observers) Churner: i hope joho represents
(06:58 / Observers) Young]Douche: thats for sure
(07:11 / Observers) O_o[baked]: panda
(07:13 / Observers) O_o[baked]: he will now
(07:16 / Observers) O_o[baked]: uh noh hot dog!
(07:56 / Observers) Young]Douche: represents wat
(07:57 / Observers) Young]Douche: fake ggl?
(08:03 / Observers) O_o[baked]: oh what now
(08:05 / Observers) O_o[baked]: !!
(08:08 / Observers) Young]Douche: yee yee
(08:09 / Observers) Young]Douche: :)
(08:31 / Observers) O_o[baked]: abom kite fest ?
(08:34 / Observers) O_o[baked]: i think maybe
(08:39 / Observers) O_o[baked]: if he gets that far
(08:42 / Observers) Churner: lag
(08:46 / Observers) Ktg: me?
(08:49 / Observers) O_o[baked]: me or general ?
(08:51 / Observers) O_o[baked]: oh ah ha
(09:46 / Observers) Churner: im actually surprised its even gone this long
(09:51 / Observers) O_o[baked]: im not
(09:54 / Observers) Mata.: noob vs noob
(10:02 / Observers) O_o[baked]: joho being to cautious
(10:02 / Observers) Churner: mata u should play next
(10:05 / Observers) Churner: actually i will play u
(10:09 / Observers) Churner: and do the clearing for them
(10:11 / Observers) Mata.: haha im stoned as shit but ok
(10:19 / Observers) Churner: u will get wrecked no doubt
(10:20 / Observers) O_o[baked]: me erry day
(10:25 / Observers) Mata.: i hope zo
(10:31 / Observers) O_o[baked]: man
(10:37 / Observers) O_o[baked]: nm
(10:44 / Observers) O_o[baked]: im gonna start saying zo instead of so
(10:49 / Observers) Churner: gl
(10:56 / Observers) O_o[baked]: thx no thx
(10:58 / Observers) Young]Douche: strok is not bad
(11:06 / Observers) O_o[baked]: eh
(11:10 / Observers) O_o[baked]: just ne kite fest
(11:15 / Observers) Young]Douche: jodo now doing as good as i thought he would
(11:19 / Observers) Young]Douche: not*
(11:25 / Observers) O_o[baked]: hes cautious
(11:27 / Observers) Churner: game over soon
(11:34 / Observers) O_o[baked]: overlyt
(11:34 / All) TIMG4STRok: '
(11:35 / All) TIMG4STRok: gg
(11:38 / Observers) Churner: or right now
(11:39 / All) TIMG4STRok: cant play without shift
(11:40 / Observers) O_o[baked]: doesnt wanna get talked down
(11:43 / Observers) Young]Douche: he blame shift
(11:45 / All) TIMG4STRok: ill play you again when i fix this
(11:46 / Observers) O_o[baked]: theres 2 chifts
(11:47 / Observers) Churner: lol shift
(11:48 / Observers) O_o[baked]: shifts
(11:51 / Observers) O_o[baked]: 2 shift keys
(11:54 / Observers) O_o[baked]: sorry
(11:56 / Observers) Young]Douche: hard to use other shift button
(11:56 / All) TIMG4STRok: just impossible to make groups or build stuff
(11:58 / Observers) Young]Douche: while playing
(12:01 / Observers) O_o[baked]: true
(12:01 / Observers) Young]Douche: i can only use left shift